 Dungeon Crawl Stone Soup version 0.31.0-11-ge490571c62 (webtiles) character file.

Game seed: 493704212686546856

2663 qw the Skirmisher (level 9, -2/52 HPs)
             Began as a Deep Elf Hunter on Feb 3, 2024.
             Was a Believer of Okawaru.
             Killed from afar by an electric eel (6 damage)
             ... with a bolt of electricity
             ... on level 6 of the Dungeon.
             The game lasted 00:00:31 (5765 turns).

qw the Skirmisher (Deep Elf Hunter)                 Turns: 5765, Time: 00:00:32

Health: -2/52      AC: 11    Str: 12    XL:     9   Next: 36%
Magic:  13/13      EV: 15    Int: 15    God:    Okawaru [**....]
Gold:   414        SH:  0    Dex: 18    Spells: 8/8 levels left

rFire   + . .        a - +4 shortbow (flame)
rCold   . . .        (shield currently unavailable)
rNeg    . . .        s - +1 leather armour {rF+}
rPois   .            e - +2 helmet
rElec   .            (no cloak)
rCorr   +            (no gloves)
SInv    .            (no boots)
Will    .....        (no amulet)
Stlth   ++           j - ring of resist corrosion
HPRegen 0.28/turn    g - +4 ring of protection
MPRegen 0.13/turn

%: no passive effects
@: about to teleport
A: no striking features
a: Renounce Religion, Heroism


You were on level 6 of the Dungeon.
You worshipped Okawaru.
Okawaru was pleased with you.
You visited 1 branch of the dungeon, and saw 6 of its levels.
You also visited: Ossuary.

You collected 414 gold pieces.


   Skills:
 + Level 3.9 Fighting
 - Level 14.2 Ranged Weapons
 - Level 1.6 Armour
 - Level 6.0 Dodging
 - Level 1.2 Stealth
 + Level 3.6 Invocations


You had 8 spell levels left.
You didn't know any spells.
Your spell library was empty.

Inventory:

Hand Weapons
 a - a +4 shortbow of flaming (weapon)
Armour
 e - a +2 helmet (worn)
 f - a +0 ring mail
 s - a +1 leather armour of fire resistance (worn)
Jewellery
 g - a +4 ring of protection (right hand)
 j - a ring of resist corrosion (left hand)
Wands
 b - a wand of mindburst (19)
 o - a wand of paralysis (7)
Potions
 c - 2 potions of might
 d - 2 potions of resistance
 h - 2 potions of curing
 i - 4 potions of heal wounds
 k - a potion of degeneration {unknown}
 l - a potion of mutation {unknown}
 m - a potion of attraction {unknown}
 n - a potion of berserk rage {unknown}
 q - a potion of brilliance {unknown}
 t - a potion of magic {unknown}

Dungeon Overview and Level Annotations

Branches:
Dungeon (6/15)            Ossuary (visited)
 Temple: D:4-7

Altars:
Elyvilon
Gozag
Okawaru

Annotations:
D:6 exclusion: 5 electric eels


Message History

Enter note:
Enter note:
Enter note:
Enter note:
Enter note:
Enter note:
Enter note:
Enter note:
Enter note:
Enter note:
Enter note:
Enter note:
Enter note:
Enter note:
Enter note:
Enter note:
Enter note:
Enter note:
Enter note:
Enter note:
Enter note:
Enter note:
Enter note:
Enter note:
Enter note:
Enter note:
Enter note:
Enter note:
Enter note:
Enter note: The electric eel shoots out a bolt of lightning at you!
The bolt of electricity hits you.
The electric eel shoots out a bolt of lightning at you!
The bolt of electricity hits you!
5765 ||| READING scroll of teleportation.
As you read the scroll of teleportation, it crumbles to dust.
You feel strangely unstable.
The electric eel shoots out a bolt of lightning at you!
The bolt of electricity hits you.
You die...

~~~~P~PP.........#####.#.
~~~~~~PP...#####.......#.
~~~P~~~~~..# #.#####.#.
~~~~~~P~...## #.#####.#.
7~~~~~S~~...# #.........
7####.....# #.###.###.
#.....# ### #.....
#.....# #####. #.@.### #.
#...###############
#####...............#..
#...................#.#
#...................#.#
#...................###
#...................##.
#...................##.
#...................##.


You could see an electric eel.

Vanquished Creatures
  Pikel (D:6)
  Grinder (D:6)
  Eustachio (D:5)
  A water moccasin (D:6)
  An ogre (D:6)
  An ice beast (D:5)
  A centaur (D:6)
  A phantom (D:4)
  A lemure (D:6)
  A kobold brigand (D:6)
  A bullfrog (D:6)
  3 scorpions
  7 water moccasin zombies (Ossuary)
  A burial acolyte (Ossuary)
  An electric eel (D:6)
  2 bombardier beetles
  A jelly (D:6)
  An orc priest (D:2)
  3 hounds
  3 sleepcaps (D:6)
  Ijyb (D:4)
  2 iguanas
  An orc wizard (D:6)
  Natasha (D:3)
  2 crocodile zombies (Ossuary)
  A bullfrog simulacrum (Ossuary)
  2 mummies (Ossuary)
  Robin (D:2)
  2 adders
  A white imp (D:6)
  3 adder zombies (Ossuary)
  A dart slug (D:2)
  2 ribbon worms
  11 orcs
  5 ball pythons
  A bat (D:2)
  7 giant cockroaches
  10 gnoll zombies (Ossuary)
  14 hobgoblins
  5 jackals
  4 quokkas
  7 frilled lizards
  14 goblins
  4 jackal zombies (Ossuary)
  15 kobolds
  4 orc zombies (Ossuary)
  4 rats
158 creatures vanquished.

Notes
Turn   | Place    | Note
-------+----------+-------------------------------------------
     0 | D:1      | qw the Deep Elf Hunter began the quest for the Orb.
     0 | D:1      | Reached XP level 1. HP: 12/12 MP: 3/3
     0 | D:1      | 0 ||| qw: Version: 0.3-a-157-g843a77d
     0 | D:1      | 0 ||| qw: Game counter: 3761
     0 | D:1      | 0 ||| qw: Melee chars always use a shield: true
     0 | D:1      | 0 ||| qw: God list: Okawaru
     0 | D:1      | 0 ||| qw: Allow faded altars: false
     0 | D:1      | 0 ||| qw: Do Orc after clearing Dungeon:15 true
     0 | D:1      | 0 ||| qw: Do second Lair branch before Depths: true
     0 | D:1      | 0 ||| qw: Lair rune preference: random
     0 | D:1      | 0 ||| qw: Goals: Normal
     0 | D:1      | 0 ||| PLANNING D:1-11
    81 | D:1      | Reached XP level 2. HP: 16/16 MP: 4/4
    84 | D:1      | Reached skill level 6 in Ranged Weapons
   331 | D:1      | Reached XP level 3. HP: 20/20 MP: 5/5
   535 | D:1      | 535 ||| UPGRADING to ring of resist corrosion.
   536 | D:1      | 536 ||| READING 3 scrolls labelled IVESYS DOUTAF.
   536 | D:1      | 536 ||| IDENTIFYING grey potion
   537 | D:1      | 537 ||| READING 2 scrolls of identify.
   537 | D:1      | 537 ||| IDENTIFYING 2 lumpy white potions
   538 | D:1      | 538 ||| READING scroll of identify.
   538 | D:1      | 538 ||| IDENTIFYING scroll labelled ILEXAOF QEFU
   539 | D:1      | 539 ||| READING 2 scrolls labelled JAJYRUTSYDOU.
   539 | D:1      | 539 ||| ENCHANTING +0 shortbow.
   540 | D:1      | 540 ||| READING scroll of enchant weapon.
   540 | D:1      | 540 ||| ENCHANTING +1 shortbow.
   541 | D:1      | 541 ||| READING scroll labelled IPTILUCINI.
   542 | D:1      | 542 ||| DROPPING scroll of butterflies.
   543 | D:1      | 543 ||| DROPPING scroll of revelation.
   677 | D:2      | Reached skill level 7 in Ranged Weapons
   708 | D:2      | Noticed Robin
   723 | D:2      | HP: 5/20 [hobgoblin[Robin] (5)]
   724 | D:2      | 724 ||| DRINKING potion of heal wounds.
   725 | D:2      | Killed Robin
   729 | D:2      | Reached XP level 4. HP: 21/25 MP: 6/6
  1011 | D:2      | Reached skill level 8 in Ranged Weapons
  1298 | D:2      | 1298 ||| UPGRADING to +1 helmet.
  1303 | D:2      | 1303 ||| UPGRADING to +0 ring mail.
  1313 | D:2      | 1313 ||| DROPPING +0 leather armour.
  1314 | D:2      | 1314 ||| READING scroll labelled WOISHI WEKAWK.
  1315 | D:2      | 1315 ||| READING scroll labelled ZIAGRI YMIDUENUITU.
  1319 | D:2      | 1319 ||| READING scroll labelled NEMAEXAQAA.
  1440 | D:3      | Reached XP level 5. HP: 29/29 MP: 7/7
  1775 | D:3      | Noticed Natasha
  1776 | D:3      | 1776 ||| DRINKING 2 potions of haste.
  1787 | D:3      | Killed Natasha
  2130 | D:3      | 2130 ||| READING scroll labelled QOMAWEJUFA.
  2132 | D:3      | 2132 ||| Stepping ~*~*~tactically~*~*~ (cloud).
  2139 | D:3      | HP: 7/29 [poisoned by you (poison gas)]
  2253 | D:4      | 2253 ||| PLANNING OSSUARY
  2411 | D:4      | Found a sand-covered staircase.
  2412 | D:4      | 2412 ||| READING 2 scrolls of identify.
  2412 | D:4      | 2412 ||| IDENTIFYING pink potion
  2413 | D:4      | 2413 ||| READING scroll of identify.
  2413 | D:4      | 2413 ||| IDENTIFYING yellow potion
  2421 | Ossuary  | Entered an ossuary
  2452 | Ossuary  | Reached skill level 9 in Ranged Weapons
  2452 | Ossuary  | 2452 ||| DRINKING 2 potions of haste.
  2471 | Ossuary  | Reached XP level 6. HP: 17/35 MP: 8/8
  2701 | Ossuary  | Reached skill level 10 in Ranged Weapons
  2707 | Ossuary  | Reached skill level 3 in Dodging
  2897 | Ossuary  | 2897 ||| RETREEEEATING.
  2898 | Ossuary  | 2898 ||| RETREEEEATING.
  2899 | Ossuary  | 2899 ||| RETREEEEATING.
  2900 | Ossuary  | 2900 ||| RETREEEEATING.
  2907 | Ossuary  | HP: 8/35 [water moccasin zombie (2)]
  2908 | Ossuary  | 2908 ||| READING 2 scrolls of teleportation.
  2909 | Ossuary  | 2909 ||| DRINKING 2 potions of heal wounds.
  3015 | Ossuary  | Reached skill level 1 in Armour
  3015 | Ossuary  | Reached XP level 7. HP: 33/40 MP: 9/9
  3250 | Ossuary  | 3250 ||| READING scroll of enchant weapon.
  3250 | Ossuary  | 3250 ||| ENCHANTING +2 shortbow.
  3266 | Ossuary  | 3266 ||| READING scroll labelled TIORET LIVAISM.
  3266 | Ossuary  | 3266 ||| BRANDING +3 shortbow.
  3275 | D:4      | 3275 ||| PLANNING D:1-11
  3291 | D:4      | Reached skill level 11 in Ranged Weapons
  3435 | D:4      | Noticed Ijyb
  3437 | D:4      | Paralysed by Ijyb for 5 turns
  3446 | D:4      | Paralysed by Ijyb for 5 turns
  3451 | D:4      | Killed Ijyb
  3672 | D:5      | Entered Level 5 of the Dungeon
  3722 | D:5      | Reached skill level 12 in Ranged Weapons
  3774 | D:5      | Reached XP level 8. HP: 45/45 MP: 10/10
  3872 | D:5      | Reached skill level 3 in Fighting
  3898 | D:5      | Noticed Eustachio
  3899 | D:5      | 3899 ||| FLEEEEING.
  3900 | D:5      | 3900 ||| FLEEEEING.
  3901 | D:5      | 3901 ||| FLEEEEING.
  3902 | D:5      | 3902 ||| FLEEEEING.
  3903 | D:5      | 3903 ||| FLEEEEING.
  3905 | D:5      | 3905 ||| FLEEEEING.
  3906 | D:5      | 3906 ||| FLEEEEING.
  3907 | D:5      | 3907 ||| FLEEEEING.
  3915 | D:5      | 3915 ||| RETREEEEATING.
  3919 | D:5      | 3919 ||| RETREEEEATING.
  3920 | D:5      | 3920 ||| RETREEEEATING.
  3937 | D:5      | Killed Eustachio
  4091 | D:5      | Found an opulent altar of Gozag.
  4176 | D:5      | Found a white marble altar of Elyvilon.
  4311 | D:5      | Found an iron altar of Okawaru.
  4312 | D:5      | 4312 ||| PLANNING OKAWARU WORSHIP
  4312 | D:5      | 4312 ||| UPGRADING to +1 leather armour of fire resistance.
  4322 | D:5      | 4322 ||| READING scroll of identify.
  4322 | D:5      | 4322 ||| IDENTIFYING purple potion
  4323 | D:5      | 4323 ||| READING scroll labelled HOTWYO XAPREPAU.
  4323 | D:5      | 4323 ||| ENCHANTING +1 helmet.
  4327 | D:5      | Became a worshipper of Warmaster Okawaru
  4328 | D:5      | 4328 ||| PLANNING D:1-11
  4406 | D:6      | 4406 ||| FLEEEEING.
  4407 | D:6      | 4407 ||| FLEEEEING.
  4441 | D:6      | 4441 ||| FLEEEEING.
  4483 | D:6      | HP: 8/46 [electric eel/bolt of electricity (14)]
  4484 | D:6      | 4484 ||| READING scroll of teleportation.
  4485 | D:6      | 4485 ||| DRINKING 4 potions of heal wounds.
  4545 | D:6      | 4545 ||| DRINKING potion of haste.
  4675 | D:6      | 4675 ||| FLEEEEING.
  4807 | D:6      | 4807 ||| FLEEEEING.
  4837 | D:6      | 4837 ||| FLEEEEING.
  4856 | D:6      | 4856 ||| FLEEEEING.
  4891 | D:6      | 4891 ||| FLEEEEING.
  5011 | D:6      | Noticed Pikel
  5012 | D:6      | 5012 ||| RETREEEEATING.
  5013 | D:6      | 5013 ||| RETREEEEATING.
  5015 | D:6      | 5015 ||| RETREEEEATING.
  5021 | D:6      | 5021 ||| DRINKING potion of haste.
  5036 | D:6      | Killed Pikel
  5036 | D:6      | Reached * piety under Okawaru
  5037 | D:6      | Reached skill level 14 in Ranged Weapons
  5037 | D:6      | Reached XP level 9. HP: 50/50 MP: 11/11
  5178 | D:6      | 5178 ||| READING scroll of enchant weapon.
  5178 | D:6      | 5178 ||| ENCHANTING +3 shortbow of flaming.
  5185 | D:6      | Reached skill level 1 in Invocations
  5282 | D:6      | Reached skill level 6 in Dodging
  5300 | D:6      | 5300 ||| UPGRADING to +4 ring of protection.
  5301 | D:6      | 5301 ||| DROPPING wand of flame (17).
  5616 | D:6      | Noticed Grinder
  5622 | D:6      | Paralysed by Grinder for 3 turns
  5629 | D:6      | Killed Grinder
  5629 | D:6      | Reached ** piety under Okawaru
  5630 | D:6      | Reached skill level 3 in Invocations
  5764 | D:6      | HP: 4/52 [electric eel/bolt of electricity (11)]
  5765 | D:6      | 5765 ||| READING scroll of teleportation.
  5765 | D:6      | Killed from afar by an electric eel

Levels and vault maps discovered:
D:1:      dpeg_arrival_orchard, layout_basic, minmay_bisected
D:2:      layout_loops_ring, minmay_split_cup_small, uniq_robin
D:3:      layout_loops_ring, uniq_natasha
D:4:      layout_rooms, chequers_ossuary_entry_cave, uniq_ijyb
D:5:      layout_rooms, elyvilon_altar_3, mainiacjoe_overflow_big_doors,
          uniq_eustachio
D:6:      nicolae_whirlpool, layout_basic, serial_bayou, serial_bayou_shore_a,
          serial_bayou_pond_d, serial_bayou_shore_b, serial_bayou_pond_a,
          minmay_statues_item, kennysheep_another_room, patterned_corridor,
          uniq_pikel, uniq_grinder

Skill      XL: |  1  2  3  4  5  6  7  8  9 |
---------------+----------------------------+-----
Ranged Weapons | 6 7 8 9 10 12 14 | 14.2
Fighting       | 2 3 |  3.9
Dodging        | 3 5 6 |  6.0
Armour         | 1 |  1.6
Invocations    | 3 |  3.6
Stealth        | |  1.2

Action                     |  1- 3 |  4- 6 |  7- 9 || total
---------------------------+-------+-------+-------++-------
   Fire: Shortbow          |   108 |   229 |   265 ||   602
    Use: Scroll            |     6 |     7 |     7 ||    20
         Potion            |     1 |     3 |     3 ||     7
 Armour: Leather armour    |    31 |     9 |    29 ||    69
         Ring mail         |       |    96 |    47 ||   143
  Dodge: Dodged            |    31 |    88 |    63 ||   182

Table legend:
 A = Non-vault XP
 B = Vault XP
 C = Vault XP percentage of total XP
 D = Non-vault monster count
 E = Vault monster count
 F = Vault count percentage of total count
                 A         B        C        D         E       F
            +---------+---------+-------+---------+---------+-------
      Total |    1660 |    2145 |  56.4 |     100 |      57 |  36.3
            +---------+---------+-------+---------+---------+-------
        D:1 |      45 |       3 |   6.2 |      26 |       2 |   7.1
        D:2 |      80 |      42 |  34.4 |      21 |      14 |  40.0
        D:3 |      41 |      32 |  43.8 |      16 |       1 |   5.9
        D:4 |     167 |      36 |  17.7 |      10 |       1 |   9.1
        D:5 |     381 |     182 |  32.3 |      10 |       1 |   9.1
        D:6 |     946 |    1088 |  53.5 |      17 |       4 |  19.0
    Ossuary |       0 |     762 | 100.0 |       0 |      34 | 100.0
            +---------+---------+-------+---------+---------+-------
